 Dungeon Crawl Stone Soup version 0.30-a0-782-ge64f9170bb (webtiles) character file.

Game seed: 3596629055418147129

355366 Bnni the Peltast (level 23, -6/186 (188) HPs)
             Began as a Formicid Venom Mage on Mar 1, 2023.
             Was a High Priest of Cheibriados.
             Mangled by a phantasmal warrior (13 damage)
             ... on level 3 of the Crypt.
             The game lasted 02:42:03 (47453 turns).

Bnni the Peltast (Formicid Venom Mage)             Turns: 47453, Time: 02:42:04

HP:   -6/186 (188)  AC: 30    Str: 33    XL:     23   Next: 34%
MP:   17/32         EV: 14    Int: 35    God:    Cheibriados [*****.]
Gold: 491           SH: 38    Dex: 27    Spells: 4/34 levels left

rFire   . . .      SeeInvis +    X - +6 triple crossbow (flame)
rCold   + + .      Faith    .    y - +8 tower shield {rF+}
rNeg    + . .      Spirit   .    Y - +2 plate armour {rC+}
rPois   .          Reflect  +    (helmet unavailable)
rElec   .          Harm     .    Z - +1 cloak {Stlth+}
rCorr   .          Rampage  .    n - +2 pair of gloves "Kanahobb" {Int+3}
Will    ++...                    v - +2 pair of boots {Stlth+}
Stlth   +                        j - amulet of reflection
HPRegen 0.51/turn                r - ring of ice
MPRegen 0.23/turn                h - ring of positive energy

@: flayed, lightly drained, very slow
A: permanent stasis, dig shafts and tunnels, antennae 3, four strong arms
}: 2/15 runes: serpentine, barnacled
a: Dig, Shaft Self, Renounce Religion, Bend Time, Temporal Distortion, Slouch,
Step From Time


You were on level 3 of the Crypt.
You worshipped Cheibriados.
Cheibriados was extremely pleased with you.
You visited 8 branches of the dungeon, and saw 38 of its levels.
You visited the Abyss 1 time.
You also visited: Ossuary and Ice Cave.

You collected 5044 gold pieces.
You spent 4553 gold pieces at shops.

Inventory:

Hand Weapons
 a - the +9 demon blade "Ypsuhi" {elec, rF+}
   (You found it on level 12 of the Dungeon)

   rF:        It protects you from fire.
 w - the +9 sling "Qaenyinoy" {elec, Int+3}
   (You found it on level 3 of the Dungeon)

   Int:       It affects your intelligence (+3).
 H - the +10 longbow "Killer Bee's Curse" {freeze, rC- rCorr Str+3 Stlth+}
   (You bought it in a shop on level 2 of the Snake Pit)

   Str:       It affects your strength (+3).
   rC:        It makes you vulnerable to cold.
   rCorr:     It protects you from acid and corrosion.
   Stlth:     It makes you more stealthy.
 X - a +6 triple crossbow of flaming (weapon)
Missiles
 p - a throwing net
 x - 5 curare-tipped darts
 N - 4 boomerangs of dispersal
 U - 10 silver javelins
Armour
 n - the +2 pair of gloves "Kanahobb" (worn) {Int+3}
   (You bought it in a shop on level 2 of the Orcish Mines)

   Int:       It affects your intelligence (+3).
 v - a +2 pair of boots of stealth (worn)
 y - a +8 tower shield of fire resistance (worn)
 Y - a +2 plate armour of cold resistance (worn)
 Z - a +1 cloak of stealth (worn)
Jewellery
 c - a ring of resist corrosion
 h - a ring of positive energy (right hand)
 i - the ring of the Fortune-Teller {rElec rC- rCorr Str+3}
   (You found it on level 3 of the Lair of Beasts)

   [ring of resist corrosion]

   Str:       It affects your strength (+3).
   rC:        It makes you vulnerable to cold.
   rElec:     It insulates you from electricity.
   rCorr:     It protects you from acid and corrosion.
 j - an amulet of reflection (around neck)
 r - a ring of ice (left hand)
 A - a ring of protection from fire
 D - a +4 ring of protection
 T - a ring of ice
Wands
 d - a wand of polymorph (17)
 B - a wand of quicksilver (10)
 J - a wand of digging (3)
 M - a wand of paralysis (20)
 Q - a wand of iceblast (17)
 R - a wand of mindburst (9)
 S - a wand of flame (8)
Scrolls
 e - 8 scrolls of fear
 o - 10 scrolls of amnesia
 u - 8 scrolls of immolation
 z - 4 scrolls of silence
 F - 3 scrolls of enchant armour
 K - 13 scrolls of poison
 O - 9 scrolls of magic mapping
 V - 3 scrolls of fog
Potions
 b - 5 potions of attraction
 f - 2 potions of ambrosia
 g - 5 potions of resistance
 k - 9 potions of might
 l - 8 potions of heal wounds
 s - 11 potions of curing
 t - 3 potions of flight
 C - 3 potions of invisibility
 E - 3 potions of mutation
 G - 3 potions of cancellation
Miscellaneous
 L - a phantom mirror
 P - a phial of floods (inert)
 W - a condenser vane


   Skills:
 + Level 17.2 Fighting
 * Level 18.7 Ranged Weapons
 + Level 18.1 Armour
 - Level 7.0 Dodging
 - Level 2.4 Stealth
 - Level 20.0 Shields
 - Level 6.0 Spellcasting
 - Level 13.0 Translocations
 - Level 6.0 Transmutations
 - Level 5.0 Air Magic
 - Level 12.0 Poison Magic
 - Level 13.0 Invocations


You had 4 spell levels left.
You knew the following spells:

 Your Spells              Type           Power      Damage    Failure   Level
a - Sting                 Tmut/Pois      100%       1d8       1%          1
b - Poisonous Vapours     Pois/Air       100%       N/A       1%          2
c - Mephitic Cloud        Conj/Pois/Air  50%        N/A       8%          3
d - Olgreb's Toxic Radia  Pois           76%        N/A       1%          4
e - Ignite Poison         Fire/Tmut/Pois 51%        N/A       7%          3
f - Cigotuvi's Dreadful   Necr/Pois/Air  100%       N/A       4%          2
g - Passage of Golubria   Tloc           79%        N/A       1%          4
h - Lesser Beckoning      Tloc           100%       N/A       1%          2
i - Dispersal             Tloc           39%        N/A       19%         6
j - Portal Projectile     Hex/Tloc       100%       N/A       5%          3

Your spell library contained the following spells:

 Spells                   Type           Power      Damage    Failure   Level
 Apportation              Tloc           100%       N/A       1%          1
 Gell's Gravitas          Tloc           79%        N/A       1%          3
 Teleport Other           Tloc           79%        N/A       1%          3
 Vhi's Electric Charge    Tloc/Air       100%       N/A       1%          3
 Momentum Strike          Conj/Tloc      100%       3d10      2%          2
 Static Discharge         Conj/Air       56%        2-5/arc   14%         2
 Kiss of Death            Conj/Necr      40%        2d8       26%         1
 Magic Dart               Conj           40%        1d5       26%         1
 Necrotise                Necr           40%        1d6       26%         1
 Summon Small Mammal      Summ           40%        N/A       26%         1
 Call Imp                 Summ           10%        N/A       36%         2
 Ensorcelled Hibernation  Hex/Ice        30%        N/A       36%         2
 Searing Ray              Conj           20%        2d5       36%         2
 Ice Form                 Ice/Tmut       47%        N/A       58%         4
 Confusing Touch          Hex            10%        N/A       61%         3
 Hailstorm                Conj/Ice       15%        3d5       61%         3
 Ozocubu's Armour         Ice            15%        N/A       61%         3
 Stone Arrow              Conj/Erth      20%        3d8       61%         3
 Animate Armour           Summ/Erth      20%        N/A       95%         4
 Animate Dead             Necr           10%        N/A       95%         4
 Dispel Undead            Necr           10%        3d9       95%         4
 Fulminant Prism          Conj/Hex       5%         3d7       95%         4
 Leda's Liquefaction      Hex/Erth       5%         N/A       95%         4
 Sticky Flame             Conj/Fire      10%        2d3       95%         4
 Summon Ice Beast         Ice/Summ       15%        N/A       95%         4
 Summon Forest            Summ/Tloc      27%        N/A       45%         5
 Blade Hands              Tmut           25%        N/A       52%         5
 Irradiate                Conj/Tmut      15%        3d16      91%         5
 Arcjolt                  Conj/Air       14%        1d24      95%         5
 Silence                  Hex/Air        14%        N/A       95%         5
 Borgnjor's Vile Clutch   Necr/Erth      5%         N/A       100%        5
 Lee's Rapid Deconstruct  Erth           5%         3d6*      100%        5
 Metabolic Englaciation   Hex/Ice        7%         N/A       100%        5
 Summon Mana Viper        Hex/Summ       10%        N/A       100%        5
 Death Channel            Necr           5%         N/A       100%        6
 Simulacrum               Ice/Necr       7%         N/A       100%        6
 Statue Form              Tmut/Erth      20%        N/A       100%        6
 Summon Cactus Giant      Summ           5%         N/A       100%        6
 Dragon Form              Tmut           25%        N/A       100%        7
 Ozocubu's Refrigeration  Ice            7%         4d9       100%        7
 Ignition                 Fire           5%         3d4       100%        8
 Lehudib's Crystal Spear  Conj/Erth      5%         10d3      100%        8
 Maxwell's Capacitive Co  Air            22%        ∞         100%        8
 Chain Lightning          Conj/Air       14%        3d18      100%        9
 Fire Storm               Conj/Fire      5%         8d1       100%        9
 Shatter                  Erth           5%         3d8*      100%        9
 Blink                    Tloc           Unusable   N/A       N/A         2

Dungeon Overview and Level Annotations

Branches:
Dungeon (15/15)            Temple (1/1) D:5            Lair (5/5) D:9
 Shoals (4/4) Lair:3        Snake (4/4) Lair:3        Slime (0/5) Lair:4
    Orc (2/2) D:10            Elf (0/3) Orc:2        Vaults (4/5) D:14
  Crypt (3/3) Vaults:2     Depths (0/4) D:15        Ossuary (visited)
  IceCv (visited)
   Tomb: Crypt:3

Altars:
Ashenzari
Cheibriados
Dithmenos
Elyvilon
Fedhas
Gozag
Hepliaklqana
Kikubaaqudgha
Makhleb
Nemelex Xobeh
Okawaru
Qazlal
Ru
Sif Muna
Trog
Uskayaw
Vehumet
Wu Jian
Xom
Yredelemnul
Zin
The Shining One

Shops:
D:10 :*?[   Orc:2 *:[(   Shoals:2 *   Shoals:3 :   Snake:1 ((   Snake:2 ((
Snake:3 (   Vaults:4 *

Portals:
Trove: D:14 (give +2 storm dragon scales)

Annotations:
D:11 exclusion: orange crystal statue


Innate Abilities, Weirdness & Mutations

You cannot be hasted, slowed, berserked, paralysed or teleported.
You can dig through walls and to a lower floor.
You have a pair of large antennae on your head. (SInv)
Your four strong arms can wield two-handed weapons with a shield.


Message History

You shoot a bolt. The bolt hits the flayed ghost!!
The bolt burns the flayed ghost!
The flayed ghost is almost destroyed.
You block the bunyip skeleton's attack. The bunyip skeleton claws you!
* * * LOW HITPOINT WARNING * * *
You block the bunyip skeleton's attack.
You block the skeletal warrior's attack.
You block the phantasmal warrior's attack.
The flayed ghost cries, "Feel what I felt!"
Terrible wounds spread across more of your body!
* * * LOW HITPOINT WARNING * * *
Fire: X) +6 triple crossbow (flame)
Press: ? - help, Shift-Dir - straight line, f/p - flayed ghost
Aim: a flayed ghost (almost destroyed, 70% to hit)
You shoot a bolt.
The bolt closely misses the flayed ghost.
You block the phantasmal warrior's attack.
You block the flayed ghost's attack.
You block the skeletal warrior's attack. x2
The flayed ghost barely misses you.
A skeletal warrior comes into view. It is wielding a +0 short sword.
The phantasmal warrior hits you but does no damage.
Fire: X) +6 triple crossbow (flame)
Press: ? - help, Shift-Dir - straight line, f/p - flayed ghost
Aim: a flayed ghost (almost destroyed, 70% to hit)
You shoot a bolt.
The bolt closely misses the flayed ghost.
You block the phantasmal warrior's attack.
You block the bunyip skeleton's attack. x2
The bunyip skeleton barely misses you.
The necromancer gestures wildly while chanting.
The necromancer binds the souls of nearby monsters.
The flayed ghost cries, "Suffer as I suffered!"
Terrible wounds spread across more of your body!
* * * LOW HITPOINT WARNING * * *
The skeletal warrior hits you with a +1 morningstar of protection!
* * * LOW HITPOINT WARNING * * *
A phantasmal warrior comes into view.
The phantasmal warrior hits you!
You die...

....... ....... .......
.......
########################
............)...........
...................#####
......W............#!...
#.ZZ@W..........#....
#.Zz#########...#....
#.z. #...'.... #..p
#...#.... #... #...#....
..z. #...#.... {.W...
#...##### ......
#........ #.#######


You could see 3 skeletal warriors, a flayed ghost, 2 phantasmal warriors, a
necromancer, a dire elephant zombie, a titan zombie and a bunyip skeleton.

Vanquished Creatures
  Boris (thrice) (Vaults:2 Vaults:3 Vaults:4)
  Frederick (Vaults:2)
  Vashnia (Snake:3)
  Nikola (Snake:3)
  Jory (Crypt:2)
  The ghost of confidenceinterval the Bewitcher, a veteran GrBr of Hepliaklqana (Vaults:3)
  Rupert (Orc:2)
  A titan (Shoals:4)
  A kraken (Shoals:3)
  Kirke (D:14)
  5 ancient champions
  5 nagarajas
  Roxanne (Shoals:1)
  A frost giant (Vaults:3)
  2 deep elf sorcerers
  9 vault wardens
  A curse skull (Crypt:3)
  2 war gargoyles
  15 ironbound preservers
  2 very ugly things (Vaults:1)
  4 ghouls (Crypt:1)
  A reaper (Crypt:2)
  5 orc warlords
  A stone giant (Vaults:3)
  A vampire knight (Crypt:2)
  12 ironbound thunderhulks
  A rockslime zombie (Crypt:1)
  Nessos (D:12)
  2 elemental wellsprings (Shoals:1)
  3 dire elephants (Vaults:1)
  4 eidola
  A minotaur (Vaults:3)
  An ettin (D:15)
  14 merfolk impalers
  A crystal guardian (Vaults:2)
  7 yaktaur captains
  9 merfolk javelineers
  2 jiangshi (Crypt:1)
  Josephine (D:12)
  A fenstrider witch zombie (Crypt:2)
  5 entropy weavers
  A rakshasa (D:14)
  A fire dragon (Lair:5)
  3 deep elf death magi (Crypt:2)
  2 ogre magi
  2 salamander tyrants
  11 vault guards
  5 ironbound frosthearts
  5 great orbs of eyes
  4 merfolk avatars
  2 peacekeepers
  13 anacondas
  4 merfolk aquamancers
  10 hydras
  19 centaur warriors
  A death knight (Crypt:1)
  10 two-headed ogres
  3 tengu warriors
  15 naga warriors
  2 satyrs (Shoals:4)
  8 boulder beetles
  4 vampire magi
  A titan zombie (Crypt:1)
  4 shock serpents
  Urug (D:12)
  A soul eater (Crypt:1)
  An orc high priest (Orc:2)
  21 naga sharpshooters
  2 deep elf knights (Vaults:3)
  20 skeletal warriors
  4 salamander mystics
  A wretched star (Abyss:2)
  A golden dragon zombie (Crypt:1)
  Amaemon (D:8)
  A shadow wraith (Crypt:3)
  A spatial maelstrom (Abyss:2)
  48 deep trolls
  7 skysharks
  A glowing orange brain (Vaults:4)
  5 sea snakes
  6 phantasmal warriors
  9 harpies
  A deep elf archer (D:14)
  16 lindwurms
  8 naga ritualists
  A bog body (Crypt:1)
  7 orc knights
  8 starcursed masses (Abyss:2)
  16 ironbound convokers
  An obsidian statue (Vaults:4)
  6 wizards
  A necromancer (Crypt:1)
  4 orc sorcerers
  A fire giant zombie (Crypt:2)
  7 mana vipers
  24 ugly things
  2 deep elf pyromancers
  A wolf spider (Lair:1)
  11 fauns
  19 manticores
  6 cyclopes
  8 salamanders
  4 elephants
  A shock serpent zombie (Crypt:2)
  11 merfolk sirens
  46 black mambas
  3 ice statues (IceCv)
  16 water nymphs
  3 gargoyles
  13 vault sentinels
  6 guardian serpents
  15 naga magi
  An orange demon (D:8)
  11 cane toads
  5 torpor snails (Lair:5)
  Maggie (D:7)
  A kobold demonologist (D:9)
  20 yaktaurs
  4 freezing wraiths
  A tengu conjurer (D:13)
  A purple draconian skeleton (Crypt:2)
  A komodo dragon (shapeshifter) (D:13)
  4 rime drakes
  18 komodo dragons
  An efreet (D:12)
  A green draconian skeleton (Crypt:1)
  An ancient zyme (Abyss:2)
  2 anaconda simulacra (IceCv)
  A death drake zombie (Crypt:2)
  38 merfolk
  9 trolls
  3 meliai (D:15)
  10 polar bears
  2 harpy zombies (Crypt:1)
  A tarantella (shapeshifter) (D:15)
  7 hornets (Lair:5)
  10 wind drakes
  3 tyrant leeches (Lair:5)
  5 snapping turtles
  A satyr zombie (Crypt:2)
  Prince Ribbit (D:5)
  4 dream sheep (Lair:5)
  16 blink frogs
  40 slime creatures
  A centaur simulacrum (D:14)
  A large abomination (Abyss:2)
  14 wraiths
  17 water elementals
  4 wyverns
  4 vampires
  A culicivora (Vaults:2)
  A hog (shapeshifter) (D:15)
  4 air elementals (Shoals:4)
  6 basilisks
  49 yaks
  11 redbacks
  A steam dragon (D:8)
  Menkaure (D:4)
  53 nagas
  11 vampire mosquitoes
  A death yak simulacrum (IceCv)
  A redback simulacrum (D:15)
  4 wargs (Orc:2)
  An acid dragon (D:12)
  3 spatial vortices (Abyss:2)
  A hydra simulacrum (IceCv)
  A merfolk skeleton (Crypt:1)
  A water nymph skeleton (Crypt:3)
  Duvessa (D:7)
  16 water moccasins
  22 orc warriors
  4 black bears
  A lindwurm zombie (Crypt:2)
  10 ogres
  5 small abominations (Abyss:2)
  4 wolves
  6 boggarts
  14 centaurs
  3 kobold brigands
  12 bullfrogs
  A vine stalker zombie (Crypt:1)
  A necrophage (Crypt:1)
  3 gnoll sergeants
  An elf zombie (Ossuary)
  6 scorpions
  A cane toad simulacrum (IceCv)
  A warg zombie (Crypt:2)
  Dowan (D:7)
  2 killer bees (D:10)
  A yak zombie (Crypt:2)
  An elephant simulacrum (IceCv)
  A spriggan skeleton (Crypt:3)
  14 howler monkeys
  A polar bear skeleton (Crypt:2)
  3 electric eels
  4 crimson imps (D:7)
  4 hounds
  A gnoll bouda (Orc:1)
  4 iron imps
  A black bear zombie (Crypt:1)
  3 jellies
  10 orc priests
  Terence (D:3)
  Jessica (D:2)
  12 human skeletons (Vaults:3)
  5 iguanas
  A scorpion zombie (Crypt:1)
  21 orc wizards
  A wolf simulacrum (IceCv)
  2 polar bear simulacra (IceCv)
  A tengu skeleton (Crypt:3)
  3 mummies (Ossuary)
  13 adders
  24 gnolls
  2 shadow imps
  7 white imps
  An ufetubus (D:4)
  A worm (D:2)
  2 dart slugs
  61 orcs
  A bat skeleton (Crypt:1)
  6 endoplasms
  8 giant cockroaches
  5 hobgoblins
  8 jackals (D:1)
  2 quokkas (D:3)
  2 ball pythons
  11 bats
  A frilled lizard (D:1)
  6 goblins
  A goblin skeleton (Crypt:1)
  5 goblin zombies (Ossuary)
  A hobgoblin skeleton (Crypt:3)
  2 hobgoblin zombies (Ossuary)
  18 kobolds
  3 kobold zombies (Ossuary)
  An orc zombie (Ossuary)
  3 rats (D:1)
  A river rat skeleton (Crypt:1)
  A butterfly (Lair:2)
1483 creatures vanquished.

Vanquished Creatures (collateral kills)
  Jorgrun (Orc:2)
  A nagaraja (Snake:4)
  An orc high priest (Orc:2)
  A salamander mystic (Snake:4)
  A naga ritualist (Snake:4)
  A guardian serpent (Snake:4)
  A black mamba (Snake:4)
  A troll (Orc:2)
  2 orc warriors (Orc:2)
10 creatures vanquished.

Vanquished Creatures (others)
  A vampire knight (Crypt:2)
  A wizard (D:14)
  A merfolk (Shoals:4)
  3 humans (D:14)
  An orc warrior (Orc:2)
  An ogre (D:15)
  2 killer bees (D:10)
  An endoplasm (D:3)
  64 fungi
  97 plants
  4 tentacles (Shoals:3)
176 creatures vanquished.

Grand Total: 1669 creatures vanquished

Notes
Turn   | Place    | Note
-------+----------+-------------------------------------------
     0 | D:1      | Bnni the Formicid Venom Mage began the quest for the Orb.
     0 | D:1      | Reached XP level 1. HP: 13/13 MP: 3/3
   138 | D:1      | Found a faded altar of an unknown god.
   164 | D:1      | Reached XP level 2. HP: 3/20 MP: 0/5
   216 | D:1      | Learned a level 2 spell: Poisonous Vapours
   543 | D:1      | Reached skill level 1 in Fighting
   987 | D:1      | Reached XP level 3. HP: 26/26 MP: 4/6
  1479 | D:2      | Noticed Jessica
  1490 | D:2      | Killed Jessica
  1491 | D:2      | Reached skill level 5 in Poison Magic
  1491 | D:2      | Reached XP level 4. HP: 18/32 MP: 0/8
  2499 | D:3      | Noticed Terence
  2515 | D:3      | Killed Terence
  2516 | D:3      | Reached XP level 5. HP: 36/38 MP: 3/9
  2623 | D:3      | Found a white marble altar of Elyvilon.
  2627 | D:3      | Reached skill level 1 in Armour
  2690 | D:3      | Identified the +9 sling "Qaenyinoy" {elec, Int+3}
  2951 | D:3      | Learned a level 4 spell: Olgreb's Toxic Radiance
  2955 | D:3      | Learned a level 3 spell: Mephitic Cloud
  3138 | D:4      | Reached XP level 6. HP: 46/46 MP: 10/10
  3184 | D:4      | Noticed Menkaure
  3191 | D:4      | Killed Menkaure
  3586 | D:4      | Noticed an ogre
  3591 | D:4      | Killed an ogre
  3592 | D:4      | Reached XP level 7. HP: 33/52 MP: 7/11
  3729 | D:5      | Entered Level 5 of the Dungeon
  3904 | D:5      | Found a burning altar of Makhleb.
  3941 | D:5      | Reached XP level 8. HP: 60/60 MP: 12/12
  4027 | D:5      | Found a sand-covered staircase.
  4036 | Ossuary  | Entered an ossuary
  4036 | Ossuary  | Noticed a wraith
  4036 | Ossuary  | Noticed a wraith
  4036 | Ossuary  | Noticed a wraith
  4282 | Ossuary  | Noticed a wraith
  4287 | Ossuary  | Killed a wraith
  4532 | D:5      | Found a staircase to the Ecumenical Temple.
  4539 | Temple   | Entered the Ecumenical Temple
  4650 | Temple   | Became a worshipper of Cheibriados the Contemplative
  4680 | D:5      | Identified the +10 glaive of the Shallot {antimagic, Int+5}
  4684 | D:5      | Reached skill level 5 in Fighting
  4758 | D:5      | Reached skill level 10 in Poison Magic
  4765 | D:5      | Noticed Prince Ribbit
  4771 | D:5      | Reached skill level 1 in Invocations
  4775 | D:5      | Killed Prince Ribbit
  4776 | D:5      | Reached skill level 5 in Armour
  4776 | D:5      | Reached XP level 9. HP: 23/68 MP: 0/13
  5513 | D:6      | Reached * piety under Cheibriados
  6343 | D:7      | Noticed Maggie
  6344 | D:7      | Reached ** piety under Cheibriados
  6359 | D:7      | Killed Maggie
  6360 | D:7      | Reached XP level 10. HP: 65/77 MP: 1/14
  6517 | D:7      | Reached skill level 5 in Invocations
  6551 | D:7      | Learned a level 3 spell: Ignite Poison
  6653 | D:7      | Noticed Duvessa
  6654 | D:7      | Reached skill level 1 in Air Magic
  6655 | D:7      | Killed Duvessa
  6746 | D:7      | Found a shimmering altar of Xom.
  6752 | D:7      | Reached *** piety under Cheibriados
  6926 | D:7      | Found a glowing golden altar of the Shining One.
  7079 | D:7      | Noticed Dowan
  7084 | D:7      | Killed Dowan
  7150 | D:7      | Found a sparkling altar of Nemelex Xobeh.
  7184 | D:8      | Noticed Amaemon
  7184 | D:8      | Noticed an orange demon
  7190 | D:8      | Killed an orange demon
  7198 | D:8      | Killed Amaemon
  8585 | D:9      | Found a shadowy altar of Dithmenos.
  8602 | D:9      | Reached XP level 11. HP: 46/86 MP: 7/16
  8756 | D:9      | Reached **** piety under Cheibriados
  8850 | D:9      | Noticed a two-headed ogre
  8858 | D:9      | Killed a two-headed ogre
  9042 | D:9      | Found a staircase to the Lair.
  9161 | D:9      | Noticed a two-headed ogre
  9167 | D:9      | Killed a two-headed ogre
  9411 | D:10     | Entered Level 10 of the Dungeon
  9729 | D:10     | Found Duwneph's Armour Shoppe.
  9783 | D:10     | Identified the +8 chain mail of the Learner {Harm rC+ Int+2
                  | Stlth+}
  9899 | D:10     | Found Bah Vila's Assorted Antiques.
  9961 | D:10     | Found Maruprac's Book Boutique.
 10042 | D:10     | Reached ***** piety under Cheibriados
 10139 | D:10     | Found a staircase to the Orcish Mines.
 10424 | D:10     | Found Uduorob's Magic Scroll Shoppe.
 10905 | D:11     | Reached skill level 10 in Invocations
 11159 | D:11     | Noticed an orange crystal statue
 11200 | D:11     | Reached XP level 12. HP: 68/95 MP: 13/19
 11615 | D:12     | Noticed Josephine
 11615 | D:12     | Noticed a skeletal warrior
 11617 | D:12     | Noticed a skeletal warrior
 11715 | D:11     | Reached skill level 10 in Armour
 11989 | D:12     | Identified the +9 demon blade "Ypsuhi" {elec, rF+}
 12235 | D:12     | Noticed a skeletal warrior
 12237 | D:12     | Noticed a skeletal warrior
 12246 | D:11     | Killed a skeletal warrior
 12519 | D:12     | Noticed Nessos
 12523 | D:12     | Killed Nessos
 12563 | D:12     | Killed a skeletal warrior
 12611 | D:12     | Killed a skeletal warrior
 12614 | D:12     | HP: 2/96 [skeletal warrior/+0 short sword (13)]
 12618 | D:12     | Killed a skeletal warrior
 12619 | D:12     | Reached skill level 5 in Air Magic
 12804 | D:10     | Bought a scroll of acquirement for 676 gold pieces
 12804 | D:10     | Acquired 640 gold pieces
 12852 | D:10     | Bought a +2 pair of boots of stealth for 215 gold pieces
 12989 | D:12     | Killed Josephine
 13204 | D:12     | Noticed a boulder beetle
 13217 | D:12     | Killed a boulder beetle
 13313 | D:12     | Noticed Urug
 13317 | D:12     | Killed Urug
 13318 | D:12     | Reached XP level 13. HP: 103/103 MP: 10/21
 13568 | D:13     | Noticed a five-headed hydra
 13580 | D:12     | Reached skill level 10 in Fighting
 13642 | D:13     | Killed a one-headed hydra
 13643 | D:13     | Reached skill level 5 in Spellcasting
 13907 | D:13     | Learned a level 2 spell: Cigotuvi's Dreadful Rot
 13977 | D:13     | Reached skill level 5 in Transmutations
 14131 | D:13     | Noticed a centaur warrior
 14136 | D:13     | Killed a centaur warrior
 14630 | D:14     | Noticed a centaur warrior
 14637 | D:14     | Killed a centaur warrior
 14647 | D:14     | Noticed a vault guard
 14650 | D:14     | Killed a vault guard
 14794 | D:14     | Found a gate to the Vaults.
 14827 | D:14     | Noticed a rakshasa
 14839 | D:14     | Killed a rakshasa
 14840 | D:14     | Reached skill level 1 in Shields
 14967 | D:14     | Noticed an ogre mage
 14971 | D:14     | Reached skill level 2 in Shields
 14971 | D:14     | Killed an ogre mage
 14972 | D:14     | Reached skill level 4 in Shields
 14972 | D:14     | Reached XP level 14. HP: 97/111 MP: 9/23
 14993 | D:14     | Noticed Kirke
 14998 | D:14     | Killed Kirke
 14999 | D:14     | Reached skill level 5 in Shields
 15215 | D:14     | Found a portal to a secret trove of treasure.
 15536 | D:14     | Reached skill level 6 in Shields
 15623 | D:14     | Reached ****** piety under Cheibriados
 15624 | D:14     | Reached skill level 7 in Shields
 16124 | D:15     | Entered Level 15 of the Dungeon
 16273 | D:15     | Reached skill level 8 in Shields
 16663 | D:15     | Found a sacrificial altar of Ru.
 16765 | D:15     | Reached skill level 9 in Shields
 16845 | Abyss:2  | Cast into level 2 of the Abyss (a wizard)
 16939 | Abyss:2  | Noticed a green draconian
 16964 | Abyss:2  | Found a corrupted altar of Lugonu.
 16966 | Abyss:2  | Found a corrupted altar of Lugonu.
 16966 | Abyss:2  | Found a corrupted altar of Lugonu.
 17053 | Abyss:2  | Noticed a tentacled starspawn
 17068 | Abyss:2  | Found a corrupted altar of Lugonu.
 17108 | Abyss:2  | Noticed a starcursed mass
 17119 | Abyss:2  | Reached skill level 10 in Shields
 17186 | Abyss:2  | Found a corrupted altar of Lugonu.
 17317 | Abyss:2  | Found a corrupted altar of Lugonu.
 17327 | Abyss:2  | Noticed a starcursed mass
 17359 | D:15     | Escaped the Abyss
 17504 | D:15     | Found a staircase to the Depths.
 17531 | D:15     | Reached XP level 15. HP: 122/122 MP: 13/24
 17538 | D:15     | Reached skill level 11 in Shields
 18156 | Lair:1   | Entered Level 1 of the Lair of Beasts
 18793 | Lair:1   | Reached skill level 12 in Shields
 19979 | Lair:3   | Reached skill level 13 in Shields
 20053 | Lair:3   | Found a staircase to the Shoals.
 20062 | Lair:3   | Reached skill level 1 in Translocations
 20351 | Lair:3   | Found a staircase to the Snake Pit.
 20784 | Lair:3   | Identified the ring of the Fortune-Teller {rElec rC- rCorr
                  | Str+3}
 21420 | Lair:4   | Found a staircase to the Slime Pits.
 21464 | Lair:4   | Reached skill level 14 in Shields
 21570 | Lair:4   | Reached XP level 16. HP: 128/131 MP: 15/25
 21925 | Lair:4   | Learned a level 4 spell: Passage of Golubria
 22285 | Lair:5   | Entered Level 5 of the Lair of Beasts
 22328 | Lair:5   | Found a runed translucent door.
 22649 | Lair:5   | Reached skill level 15 in Armour
 22851 | Lair:5   | Reached skill level 15 in Shields
 23233 | Lair:5   | Identified the +1 robe of Jioded {rC+ rN+++ Dex-3 Archmagi}
 23941 | Orc:1    | Entered Level 1 of the Orcish Mines
 24093 | Orc:1    | Found a bloodstained altar of Trog.
 24260 | Orc:2    | Entered Level 2 of the Orcish Mines
 24261 | Orc:2    | Noticed Rupert
 24265 | Orc:2    | Killed Rupert
 24266 | Orc:2    | Reached skill level 5 in Translocations
 24300 | Orc:2    | Found a frozen archway.
 24318 | IceCv    | Entered an ice cave
 24649 | IceCv    | Identified the amulet "Hotty" {Acrobat rN++ Int-4}
 24657 | IceCv    | Identified the +3 halberd of Nam Ithoha {holy, Will+ Str-3
                  | Dex+4 Stlth+}
 24717 | Orc:2    | Found Ikoskaor's Antique Weapon Shoppe.
 24734 | Orc:2    | Found Herusofu's General Store.
 24881 | Orc:2    | Noticed Jorgrun
 24893 | Orc:2    | Killed Jorgrun
 25015 | Orc:2    | Found Qomuhubb's Book Boutique.
 25031 | Orc:2    | Reached XP level 17. HP: 140/140 MP: 20/26
 25112 | Orc:2    | Found a staircase to the Elven Halls.
 25152 | Orc:2    | Found a shimmering blue altar of Sif Muna.
 25163 | Orc:2    | Found Anoq's Antique Armour Boutique.
 25328 | Orc:2    | Bought a glimmering chain mail for 199 gold pieces
 25328 | Orc:2    | Identified the +7 chain mail of Idaqeergh {rPois Str+2}
                  | (You bought it in a shop on level 2 of the Orcish Mines)
 25328 | Orc:2    | Bought a pair of buzzing gloves for 199 gold pieces
 25328 | Orc:2    | Identified the +2 pair of gloves "Kanahobb" {Int+3} (You
                  | bought it in a shop on level 2 of the Orcish Mines)
 25374 | Orc:2    | Bought 2 potions of heal wounds for 150 gold pieces
 25454 | Shoals:1 | Entered Level 1 of the Shoals
 25947 | Shoals:1 | Noticed Roxanne
 26746 | Shoals:1 | Killed Roxanne
 26984 | Shoals:2 | Reached skill level 15 in Fighting
 27590 | Shoals:2 | Found a shimmering altar of Xom.
 28072 | Shoals:2 | Found Ufuc's Assorted Antiques.
 28124 | Shoals:2 | Bought a potion of heal wounds for 140 gold pieces
 28231 | Shoals:3 | Found Godoi's Book Boutique.
 28239 | Shoals:3 | Bought a book of Spatial Translocations for 288 gold pieces
 28242 | Shoals:3 | Learned a level 2 spell: Lesser Beckoning
 28864 | Shoals:3 | Noticed a kraken
 28872 | Shoals:3 | Killed a kraken
 29244 | Shoals:4 | Entered Level 4 of the Shoals
 29501 | Shoals:4 | Reached XP level 18. HP: 149/149 MP: 19/27
 29555 | Shoals:4 | Reached skill level 5 in Dodging
 29756 | Shoals:4 | Noticed a titan
 29762 | Shoals:4 | Killed a titan
 29890 | Shoals:4 | Reached skill level 10 in Translocations
 29892 | Shoals:4 | Identified the +1 hand axe of the Foremost Leylines {venom,
                  | *Slow rF+ rN+ Stlth+}
 30030 | Shoals:4 | Got a barnacled rune of Zot
 30415 | Shoals:4 | Learned a level 6 spell: Dispersal
 31666 | Snake:1  | Entered Level 1 of the Snake Pit
 32173 | Snake:1  | Found Weuwn's Weapon Shop.
 32178 | Snake:1  | Found Zigagut's Antique Weapon Shop.
 32188 | Snake:1  | Bought a runed triple crossbow for 481 gold pieces
 32521 | Snake:2  | Reached skill level 1 in Ranged Weapons
 32543 | Snake:2  | Found Dyoleq's Weapon Emporium.
 32578 | Snake:2  | Found Uliakeh's Antique Weapon Shoppe.
 32600 | Snake:2  | Reached XP level 19. HP: 141/157 MP: 5/28
 32624 | Snake:2  | You fall into a shaft and drop 1 floor!
 34044 | Snake:3  | Found Sewobus's Antique Weapon Boutique.
 34062 | Snake:3  | Bought a slimy great mace for 241 gold pieces
 34062 | Snake:3  | Identified the +5 great mace "Atinuef" {freeze, *Corrode
                  | rPois rC+} (You bought it in a shop on level 3 of the Snake
                  | Pit)
 34284 | Snake:4  | Entered Level 4 of the Snake Pit
 34411 | Snake:4  | Noticed Nikola
 34435 | Snake:3  | Killed Nikola
 34436 | Snake:3  | Reached skill level 5 in Ranged Weapons
 35029 | Snake:4  | Noticed Vashnia
 35122 | Snake:3  | Killed Vashnia
 36308 | Snake:2  | Bought the +10 longbow "Killer Bee's Curse" {freeze, rC-
                  | rCorr Str+3 Stlth+} for 1069 gold pieces
 36426 | Snake:4  | Identified the +0 chain mail of Keanez {rN+}
 36497 | Snake:4  | Reached XP level 20. HP: 166/166 MP: 29/29
 36617 | Snake:4  | HP: 6/166 [nagaraja/+0 club (22)]
 36628 | Snake:4  | HP: 8/166 [naga sharpshooter/bolt (14)]
 36816 | Snake:4  | Reached skill level 10 in Ranged Weapons
 36857 | Snake:4  | Got a serpentine rune of Zot
 37322 | Vaults:1 | Entered Level 1 of the Vaults
 37433 | Vaults:1 | Got the Textbook on Elliptic Bewitchment
 37438 | Vaults:1 | Learned a level 3 spell: Portal Projectile
 37778 | Vaults:1 | Reached skill level 16 in Shields
 39130 | Vaults:1 | Reached XP level 21. HP: 167/172 MP: 14/30
 39340 | Vaults:2 | Noticed Boris
 39342 | Vaults:2 | Reached skill level 17 in Shields
 39360 | Vaults:2 | Killed Boris
 39963 | Vaults:2 | Noticed Frederick
 39972 | Vaults:2 | Killed Frederick
 40555 | Vaults:2 | Found a staircase to the Crypt.
 40555 | Vaults:2 | Found an ancient bone altar of Kikubaaqudgha.
 40556 | Vaults:2 | Found a basalt altar of Yredelemnul.
 40639 | Vaults:3 | Noticed Boris
 40657 | Vaults:3 | Killed Boris
 40762 | Vaults:3 | You fall into a shaft and drop 1 floor!
 40914 | Vaults:3 | Reached skill level 18 in Shields
 41112 | Vaults:3 | Reached skill level 15 in Ranged Weapons
 41876 | Vaults:3 | Reached XP level 22. HP: 165/179 MP: 14/31
 42051 | Vaults:3 | Found a runed translucent gate.
 42051 | Vaults:3 | Found a runed translucent gate.
 42052 | Vaults:3 | Found a runed translucent gate.
 42052 | Vaults:3 | Noticed confidenceinterval's ghost (veteran GrBr)
 42187 | Vaults:3 | Identified the +1 quarterstaff of Purpose {holy, rPois rF-
                  | Int+7 Dex-4}
 42334 | Vaults:3 | Found an iron altar of Okawaru.
 42351 | Vaults:3 | Reached skill level 19 in Shields
 42477 | Vaults:3 | Killed confidenceinterval's ghost
 42806 | D:10     | Bought a +2 plate armour of cold resistance for 400 gold
                  | pieces
 44161 | Vaults:4 | Found Cogg's General Store.
 44169 | Vaults:4 | Bought an amulet of reflection for 330 gold pieces
 44169 | Vaults:4 | Bought 2 scrolls of enchant armour for 165 gold pieces
 44234 | Vaults:4 | Got the Excursus on Arctic Aeromancy
 44306 | Vaults:4 | Noticed Boris
 44319 | Vaults:4 | Killed Boris
 44632 | Vaults:4 | Reached skill level 20 in Shields
 45042 | Crypt:1  | Entered Level 1 of the Crypt
 45675 | Crypt:1  | Reached XP level 23. HP: 163/186 MP: 32/32
 45857 | Crypt:2  | Noticed Jory
 46761 | Crypt:2  | Killed Jory
 47345 | Crypt:3  | Entered Level 3 of the Crypt
 47453 | Crypt:3  | HP: 7/186 [skeletal warrior/+1 morningstar of protection
                  | (15)]
 47453 | Crypt:3  | Mangled by a phantasmal warrior

Illustrated notes

Levels and vault maps discovered:
D:1:      minmay_arrival_arboretum_small, layout_basic,
          hellmonk_ecumenical_altar_zigzags
D:2:      layout_basic, uniq_jessica
D:3:      layout_rooms, elyvilon_altar_4, uniq_terence
D:4:      layout_basic, st_stairs_3, uniq_menkaure
D:5:      layout_basic, demons_altar, minmay_temple_entry_tees, enter_ossuary_3,
          uniq_prince_ribbit1
D:6:      layout_gridville
D:7:      layout_cave_pools, mainiacjoe_overflow_alcove_2,
          nemelex_diamond_rough_becter, led_xom_imps,
          dreamdust_mushroom_princess, uniq_maggie, uniq_duvessa
D:8:      layout_basic, uniq_amaemon
D:9:      layout_loops_ring, nicolae_dithmenos_the_darkroom, lair_entry_dummy
D:10:     layout_roguey, david_orc_5, serial_shops, nicolae_shop_crystal, shop,
          nicolae_diamond_shop, nicolae_shop_trees, lemuel_flame_loot_1
D:11:     minmay_statue_hallways, layout_basic
D:12:     minmay_goldmine, layout_cave_pools, minivault_21, uniq_josephine,
          uniq_urug, uniq_nessos
D:13:     layout_roguey, minmay_misc_feat_ornament, hex_tiny, minmay_liquid_box
D:14:     layout_stronghold, david_vaults_5, enter_trove_0, uniq_kirke
D:15:     hangedman_depths_entry_civil_slaughter, layout_basic,
          nicolae_ru_awakened_eye, minmay_misc_feat_doors
Temple:   regret_index_temple_sphere_string
Lair:1:   minmay_lair_venomous_thicket, layout_regular_city,
          guppyfry_lair_drakes, infiniplex_staircase_pool
Lair:2:   layout_gridlike, lemuel_fruit_fields, serial_bayou_shore_b
Lair:3:   layout_roguey, elwin_shoals_entry_stream,
          minmay_snake_entry_guardpost_small, gammafunk_lair_bear_cave
Lair:4:   layout_cave_pods, minmay_slime_entry_pillars, beast_lair_carwin_1,
          serial_bayou_shore_a, grunt_megastairs_5, lemuel_fruit_tree
Lair:5:   wormcave, layout_regular_city
Shoals:1: layout_shoals, nicolae_shoals_spring_well_temple, uniq_roxanne
Shoals:2: layout_shoals, serial_shops, shop, lemuel_centaur_altar
Shoals:3: layout_shoals, serial_shops, nicolae_stop_n_shop_2
Shoals:4: shoals_end_hellmonk_storm_palace [storm_palace_center_circular,
          storm_palace_corner_grid, storm_palace_corner_blocked,
          storm_palace_corner_grid, storm_palace_corner_grid]
Snake:1:  layout_misc_corridors, minmay_shop_star
Snake:2:  layout_grid_shapes, minmay_shoptagon
Snake:3:  layout_misc_corridors, nicolae_stop_n_shop_2
Snake:4:  johnstein_snake_rune_scales, layout_rooms, uniq_nikola, uniq_vashnia
Orc:1:    layout_caves, special_room [special_room_bee], trog_butcher_becter
Orc:2:    grunt_orc_gardens, layout_caves, grunt_orc_garden, grunt_orc_garden,
          grunt_orc_garden, grunt_orc_garden,
          portal_ice_cave_entry_animals_and_master, led_sif_book, uniq_rupert,
          uniq_jorgrun
Vaults:1: nicolae_vaults_meeting, ontoclasm_vaults_misaligned,
          nicolae_vaults_sealed_display, nicolae_vaults_diagonal_hallway_8,
          nicolae_vaults_circle_grid_b, v_rooms_2, hangedman_vaults_trim,
          layout_vaults_quadrants
Vaults:2: v_misc_17, nicolae_vaults_asterisk, vaults_room_semicircle, v_misc_28,
          v_misc_14, hangedman_vaults_locks, minmay_crypt_entry_necro_gods,
          nicolae_vaults_diagonal_hallway_8,
          nicolae_vaults_windows_and_doors_thing, ontoclasm_vaults_fault,
          nicolae_vaults_little_squares_4, nicolae_vaults_mini_display_case,
          layout_vaults_big_room, uniq_boris, uniq_frederick
Vaults:3: gammafunk_ghost_fury_of_okawaru, grunt_vaults_funnel, v_misc_26,
          v_pattern_4, vaults_standard_mumra_lines, v_alt_pattern_1,
          ontoclasm_vaults_idyll, vaults_room_semicircle,
          vaults_dpeg_emergency_exit, hangedman_vaults_capsules,
          vaults_room_pools, dpeg_vaults_monster_row, layout_vaults_omnicross
Vaults:4: nicolae_vaults_asterisk, nicolae_vaults_triangles, vaults_dpeg_hooks,
          hangedman_vaults_cutoff, ontoclasm_vaults_chip,
          grunt_vaults_hallway_short, ontoclasm_vaults_ring_square, v_misc_27,
          hangedman_vaults_slice, vaults_mumra_hexcomb,
          nicolae_vaults_statue_guard, layout_vaults_ring, serial_shops,
          nicolae_shop_waterfront
Crypt:1:  layout_misc_corridors, grunt_crypt_arrival_webbed
Crypt:2:  layout_rooms, uniq_jory
Crypt:3:  due_elkab, layout_chaotic_city

Skill      XL: |  1  2  3  4  5  6  7  8  9 10 11 12 13 14 15 16 17 18 19 20 21 22 23 |
---------------+----------------------------------------------------------------------+-----
Fighting       | 1 2 3 4 5 6 7 9 10 12 13 14 15 16 17 | 17.2
Poison Magic   | 5 6 7 8 10 12 | 12.0
Spellcasting   | 3 4 6 |  6.0
Armour         | 1 2 3 5 6 8 9 11 12 13 14 15 16 17 18 | 18.1
Invocations    | 1 4 7 10 11 13 | 13.0
Air Magic      | 2 4 5 |  5.0
Transmutations | 4 6 |  6.0
Shields        | 4 10 14 15 16 18 20 | 20.0
Translocations | 2 6 9 11 12 13 | 13.0
Dodging        | 4 6 7 |  7.0
Ranged Weapons | 2 9 12 15 18 | 18.7
Stealth        | |  2.4

Action                     |  1- 3 |  4- 6 |  7- 9 | 10-12 | 13-15 | 16-18 | 19-21 | 22-24 || total
---------------------------+-------+-------+-------+-------+-------+-------+-------+-------++-------
  Melee: Short sword       |    40 |    53 |       |       |       |       |       |       ||    93
         Punch             |       |     1 |       |     1 |     1 |       |       |       ||     3
         Demon blade       |       |       |       |    65 |   358 |   528 |    30 |       ||   981
         Sling             |       |       |       |     2 |       |       |       |       ||     2
         Scimitar          |       |       |       |       |    18 |       |       |       ||    18
   Fire: Sling             |       |    52 |   188 |   278 |    24 |    25 |   582 |       ||  1149
         Triple crossbow   |       |       |       |       |       |     9 |       |    72 ||    81
         Longbow           |       |       |       |       |       |       |   711 |   790 ||  1501
  Throw: Dart              |       |       |       |       |       |     5 |     1 |       ||     6
         Throwing net      |       |       |       |       |       |       |     1 |     1 ||     2
   Cast: Sting             |    33 |    26 |       |       |    43 |    43 |    27 |       ||   172
         Poisonous Vapours |       |     3 |     2 |    15 |    54 |   158 |    28 |     1 ||   261
         Mephitic Cloud    |       |     1 |     7 |    20 |    11 |    27 |    19 |     7 ||    92
         Olgreb's Toxic Ra |       |       |    11 |    31 |    38 |    62 |    46 |    16 ||   204
         Ignite Poison     |       |       |       |    19 |    62 |   127 |    59 |    15 ||   282
         Cigotuvi's Dreadf |       |       |       |       |       |     2 |       |     1 ||     3
         Lesser Beckoning  |       |       |       |       |       |     3 |    13 |       ||    16
         Passage of Golubr |       |       |       |       |       |     2 |     4 |     1 ||     7
         Dispersal         |       |       |       |       |       |     1 |    10 |       ||    11
         Portal Projectile |       |       |       |       |       |       |     1 |    10 ||    11
 Invoke: Slouch            |       |       |       |     2 |     3 |     8 |     9 |     6 ||    28
         Bend Time         |       |       |       |       |     1 |     2 |     2 |     1 ||     6
         Temporal Distorti |       |       |       |       |       |       |     2 |     1 ||     3
         Step From Time    |       |       |       |       |       |       |     2 |     2 ||     4
Ability: Dig               |       |     1 |       |     2 |     2 |       |     1 |       ||     6
         Shaft Self        |       |       |       |       |       |       |     1 |       ||     1
  Evoke: Wand              |       |       |       |       |       |     8 |       |     1 ||     9
         Phial of floods   |       |       |       |       |       |       |     3 |     1 ||     4
    Use: Scroll            |       |     4 |     9 |    10 |     5 |     4 |     5 |     9 ||    46
         Potion            |       |       |     2 |     5 |       |     3 |     7 |     2 ||    19
   Stab: Confused          |       |       |       |       |     3 |     1 |       |       ||     4
         Distracted        |       |       |       |       |     1 |     2 |       |       ||     3
         Sleeping          |       |       |       |       |     2 |       |       |       ||     2
 Armour: Robe              |    10 |     1 |       |       |       |       |       |       ||    11
         Leather armour    |       |    53 |    15 |       |       |       |       |       ||    68
         Ring mail         |       |       |    10 |    35 |       |       |       |       ||    45
         Chain mail        |       |       |       |   203 |   379 |   471 |   527 |    31 ||  1611
         Plate armour      |       |       |       |       |       |       |       |   141 ||   141
  Dodge: Dodged            |    48 |    84 |    54 |   206 |   219 |   356 |   550 |   159 ||  1676
  Block: Kite shield       |       |       |       |       |   325 |   690 |   793 |       ||  1808
         Tower shield      |       |       |       |       |       |       |   485 |  1035 ||  1520
         Reflection        |       |       |       |       |       |       |       |    19 ||    19

Table legend: (Time is in decaauts)
 A = Elapsed time spent in this place.
 B = Non-inter-level travel time spent in this place.
 C = Inter-level travel time spent in this place.
 D = Time resting spent in this place.
 E = Time spent auto-exploring this place.
 F = Levels seen in this place.
 G = Mean time per level.
                   A        B        C        D        E       F      G
               +--------+--------+--------+--------+--------+-----+--------+
         Total |  68458 |  63072 |   5386 |   8615 |  42055 |  41 | 1669.7 |
       Dungeon |  23507 |  21016 |   2491 |   2701 |  15140 |  15 | 1567.1 |
        Temple |    143 |    113 |     30 |      0 |     90 |   1 |  143.0 |
          Lair |  10101 |   9251 |    850 |    294 |   7705 |   5 | 2020.2 |
        Shoals |   8792 |   8269 |    523 |   1498 |   5320 |   4 | 2198.0 |
     Snake Pit |   7963 |   7438 |    525 |   1594 |   3630 |   4 | 1990.8 |
  Orcish Mines |   1755 |   1558 |    197 |     93 |   1121 |   2 |  877.5 |
        Vaults |  11098 |  10418 |    680 |   1257 |   6983 |   4 | 2774.5 |
         Crypt |   3371 |   3284 |     87 |    768 |   1676 |   3 | 1123.7 |
         Abyss |    772 |    772 |      0 |    214 |      0 |   1 |  772.0 |
       Ossuary |    478 |    478 |      0 |      0 |    356 |   1 |  478.0 |
      Ice Cave |    474 |    474 |      0 |    194 |     31 |   1 |  474.0 |
               +--------+--------+--------+--------+--------+-----+--------+

Top non-repeatable levels by time:
Vaults:4: 2993 daAuts
Shoals:4: 2946 daAuts
 Snake:3: 2914 daAuts
Vaults:1: 2838 daAuts
Vaults:3: 2798 daAuts
    D:14: 2764 daAuts
Vaults:2: 2469 daAuts
  Lair:5: 2458 daAuts
    D:11: 2332 daAuts
  Lair:3: 2221 daAuts
Shoals:1: 2162 daAuts
    D:10: 2095 daAuts
 Snake:4: 2092 daAuts
  Lair:4: 2044 daAuts
    D:15: 2037 daAuts
